AoeStats
← 93老玩家回归

Black Forest

510085764Analyzed
4v4 RM · 2d ago on Sep 29, 2026· 48m 37s· 8 players
Game mode
Random Map
Map size
Large (8 player)
Population
200
Speed
Normal
Resources
Standard
Victory
Conquest
Starting age
Dark Age
Ending age
Imperial Age
RankedLock teamsTeams togetherTeam positionsShared explorationLock speedFull tech treeHidden civsTurbo modeCheats
Victory
Defeat
🇨🇳 Khmer · China
1467
+9
🇨🇳 Spanish · China
1395
+12
🇨🇳 Turks · China
1359
+14
🇨🇳 Portuguese · China
1222
+19
🇹🇼 Saracens · Taiwan
1325
-14
🇨🇳 Celts · China
1311
-14
🇸🇬 Britons · Singapore
1311
-14
🇹🇼 Burmese · Taiwan
1273
-12
用爱感化队友
10:55 Feudal Age
11:42 Double-Bit Axe
14:26 Castle Age
15:34 Bow Saw
22:24 Wheelbarrow
23:09 Scale Barding Armor
23:36 Forging
24:10 Chain Barding Armor
24:15 Husbandry
24:30 Loom
25:02 Forging
26:07 Horse Collar
28:24 Light Cavalry
29:48 Town Watch
31:10 Hand Cart
31:46 Gold Mining
33:46 Stone Mining
34:32 Gold Shaft Mining
34:35 Iron Casting
36:31 Imperial Age
35:06 Heavy Plow
35:43 Stone Shaft Mining
35:41 Coinage
36:41 Capped Ram
36:44 Onager
37:02 Hussar
38:52 Blast Furnace
38:20 Furor Celtica
38:31 Conscription
40:23 Siege Ram
42:52 Cavalier
46:16 Paladin
SUSU
6:59 Loom
11:59 Feudal Age
15:40 Castle Age
13:32 Double-Bit Axe
13:42 Horse Collar
16:51 Bow Saw
16:43 Heavy Plow
22:14 Pikeman
24:48 Scale Mail Armor
35:09 Chain Mail Armor
8316699
1:03 Loom
11:35 Feudal Age
15:08 Castle Age
13:25 Double-Bit Axe
13:51 Horse Collar
16:36 Bow Saw
16:27 Heavy Plow
21:00 Wheelbarrow
23:10 Gold Mining
23:12 Fletching
23:23 Padded Archer Armor
24:33 Gold Shaft Mining
24:26 Bodkin Arrow
25:22 Fortified Wall
25:22 Masonry
25:56 Leather Archer Armor
27:24 Scale Barding Armor
27:30 Forging
27:14 Treadmill Crane
27:58 Ballistics
27:42 Husbandry
34:12 Imperial Age
32:21 Hand Cart
31:58 Stone Mining
31:57 Loom
33:30 Yeomen
33:47 Murder Holes
34:15 Scale Mail Armor
34:51 Iron Casting
35:03 Warwolf
35:23 Conscription
34:25 Elite Longbowman
35:42 Hoardings
34:46 Elite Longbowman
35:29 Warwolf
35:49 Conscription
36:05 Hoardings
35:43 Bracer
36:13 Ring Archer Armor
36:47 Chemistry
36:18 Architecture
43:48 Chain Mail Armor
44:34 Two-Man Saw
44:12 Pikeman
44:53 Squires
44:40 Halberdier
45:32 Town Watch
48:56 Plate Mail Armor
49:26 Blast Furnace
Guojiel
0:26 Loom
14:56 Feudal Age
18:07 Horse Collar
20:37 Castle Age
19:58 Stone Mining
19:59 Gold Mining
93老玩家回归
11:27 Feudal Age
15:35 Castle Age
13:35 Double-Bit Axe
13:43 Horse Collar
21:25 Imperial Age
20:09 Gold Mining
20:59 Padded Archer Armor
21:48 Wheelbarrow
27:02 Hand Cart
32:15 Gold Shaft Mining
32:26 Stone Mining
34:27 Loom
35:53 Town Watch
40:42 Leather Archer Armor
40:17 Fletching
40:35 Scale Barding Armor
40:40 Forging
41:11 Heavy Plow
43:01 Treadmill Crane
44:08 Bombard Tower
44:46 Conscription
44:28 Artillery
06老玩家回归
0:48 Loom
15:27 Feudal Age
19:06 Castle Age
17:20 Double-Bit Axe
17:32 Horse Collar
18:11 Gold Mining
18:54 Bloodlines
21:20 Forging
21:42 Scale Barding Armor
23:06 Town Watch
23:27 Husbandry
25:42 Chain Barding Armor
32:57 Wheelbarrow
32:43 Bow Saw
35:09 Hand Cart
35:30 Iron Casting
40:55 Imperial Age
40:56 Ballistics
40:47 Masonry
40:29 Fletching
41:09 Heavy Plow
41:04 Cavalier
42:20 Plate Barding Armor
42:45 Blast Furnace
42:09 Conscription
42:11 Supremacy
42:11 Paladin
44:38 Bodkin Arrow
45:20 Town Patrol
小花花
0:29 Loom
13:08 Feudal Age
14:30 Horse Collar
17:35 Castle Age
16:06 Double-Bit Axe
19:43 Gold Mining
20:13 Stone Mining
23:34 Imperial Age
22:22 Heavy Plow
22:43 Bow Saw
28:21 Coinage
27:44 Fletching
29:37 Chemistry
28:59 Ballistics
28:50 Fortified Wall
32:00 Wheelbarrow
32:04 Stone Shaft Mining
32:02 Crop Rotation
32:42 Bodkin Arrow
34:23 Bombard Tower
34:34 Bracer
35:26 Banking
36:55 Conscription
36:37 Arquebus
38:10 Two-Man Saw
38:14 Conscription
37:38 Treadmill Crane
38:09 Masonry
40:38 Bloodlines
40:29 Husbandry
41:46 Cavalier
44:20 Scale Barding Armor
44:25 Forging
46:45 Chain Barding Armor
47:01 Iron Casting
49:37 Plate Barding Armor
喜足天
11:09 Feudal Age
14:30 Castle Age
12:58 Double-Bit Axe
14:23 Wheelbarrow
13:52 Horse Collar
16:38 Loom
21:23 Husbandry
22:12 Scale Barding Armor
23:36 Bloodlines
25:15 Forging
26:56 Chain Barding Armor
28:08 Light Cavalry
30:36 Iron Casting
36:50 Imperial Age
38:13 Plate Barding Armor
38:03 Capped Ram
39:43 Siege Ram
39:56 Hussar
41:43 Blast Furnace
41:34 Conscription
41:47 Double Crossbow
41:10 Elite Ballista Elephant
42:30 Double Crossbow
45:29 Chemistry
44:35 Siege Engineers
44:40 Masonry
44:52 Ballistics
45:21 Hoardings
47:00 Siege Ram
48:18 Gold Mining
48:18 Stone Mining
48:40 Bow Saw
48:31 Heavy Plow
48:48 Hand Cart
48:19 Town Watch
Connection lost

Rejoining the realm…

Still unreachable

The connection could not be restored.

Session expired

The server has moved on; the page needs a fresh start.